 Dungeon Crawl Stone Soup version 0.30-a0-272-gf98c3da03f (webtiles) character file.

Game seed: 9343883908869564943

57 night the Shooter (level 4, 0/38 HPs)
             Began as a Hill Orc Hunter on Oct 15, 2022.
             Was a Follower of Qazlal.
             Slain by Crazy Yiuf
             ... wielding a +4 quarterstaff of chaos
              (2 damage)
             ... on level 3 of the Dungeon.
             The game lasted 00:02:59 (1447 turns).

night the Shooter (Hill Orc Hunter)                 Turns: 1447, Time: 00:03:00

Health: 0/38       AC:  6    Str: 11 (12) XL:     4   Next: 0%
Magic:  4/4        EV: 10    Int:  7 (8)  God:    Qazlal [*.....]
Gold:   119        SH:  2    Dex: 15 (18) Spells: 3/3 levels left

rFire   . . .      SeeInvis .    b - +0 mace
rCold   . . .      Faith    .    (no shield)
rNeg    . . .      Spirit   .    g - +0 ring mail
rPois   .          Reflect  .    i - +0 helmet
rElec   .          Harm     .    (no cloak)
rCorr   .          Rampage  .    (no gloves)
Will    .....                    (no boots)
Stlth   +.........               (no amulet)
HPRegen 0.26/turn                (no ring)
MPRegen 0.09/turn                (no ring)

@: lethally poisoned (0 -> -5), hasted, very quick
A: agile 1, weak 1
a: Renounce Religion


You were on level 3 of the Dungeon.
You worshipped Qazlal.
Qazlal was aware of your devotion.
You visited 1 branch of the dungeon, and saw 3 of its levels.

You collected 119 gold pieces.

Inventory:

Hand Weapons
 a - a +0 shortbow
 b - a +0 mace (weapon)
 s - a +0 hand axe
Missiles
 h - 18 stones
Armour
 c - a +0 leather armour
 g - a +0 ring mail (worn)
 i - a +0 helmet (worn)
Jewellery
 o - an amulet of magic regeneration
Scrolls
 d - a scroll of immolation
 f - a scroll of poison {unknown}
 j - 2 scrolls of blinking {unknown}
 l - a scroll of teleportation {unknown}
 n - 3 scrolls of identify {unknown}
 p - 2 scrolls of brand weapon {unknown}
 q - a scroll of enchant weapon {unknown}
Potions
 e - 2 potions of degeneration
 m - a potion of attraction {unknown}
 r - a potion of mutation


   Skills:
 + Level 3.4 Fighting
 + Level 2.4 Axes
 + Level 4.1 Ranged Weapons
 - Level 1.5 Dodging
 - Level 0.7 Stealth


You had 3 spell levels left.
You didn't know any spells.
Your spell library contained the following spells:

 Spells                   Type           Power      Damage    Failure   Level
 Blink                    Tloc           0%         N/A       86%         2
 Manifold Assault         Tloc           0%         N/A       100%        4
 Storm Form               Tmut/Air       0%         N/A       100%        7


Dungeon Overview and Level Annotations

Branches:
Dungeon (3/15)

Altars:
Qazlal

Annotations:
D:3 Crazy Yiuf


Innate Abilities, Weirdness & Mutations

You are agile. (Dex +4, Str/Int -1)
You are weak. (Str -2)


Message History

Unknown command.
Okay, then.
It was a potion of degeneration.
There was something very wrong with that liquid.
You feel weakened.
You feel dopey.
You feel clumsy.
It was a potion of mutation.
You feel extremely strange.
You feel weaker.
You feel agile.
You open the door. You shoot an arrow. The arrow closely misses Crazy Yiuf.
Crazy Yiuf hits you with a +4 quarterstaff of chaos!
You are poisoned.
You shoot an arrow. The arrow hits Crazy Yiuf.
Crazy Yiuf is moderately wounded.
You feel very sick. Crazy Yiuf completely misses you.
Crazy Yiuf hits you with a +4 quarterstaff of chaos.
You are more poisoned.
You shoot an arrow. The arrow hits Crazy Yiuf.
Crazy Yiuf is heavily wounded.
You feel very sick. You block Crazy Yiuf's attack.
b - a +0 mace (weapon)
You feel sick.
Crazy Yiuf hits you with a +4 quarterstaff of chaos!
* * * LOW HITPOINT WARNING * * *
You feel yourself speed up.
You hit Crazy Yiuf.
Crazy Yiuf is severely wounded.
* * * LOW HITPOINT WARNING * * *
You feel sick. You block Crazy Yiuf's attack.
You hit Crazy Yiuf but do no damage.
Crazy Yiuf is severely wounded.
* * * LOW HITPOINT WARNING * * *
You feel sick.
It was a potion of haste.
You feel as though your hastened speed will last longer.
* * * LOW HITPOINT WARNING * * *
You feel sick.
Crazy Yiuf hits you with a +4 quarterstaff of chaos.
You die...

#.# #.# #..>....#
###.#
#######.###.......#
#...#
..................#
#.###
############......#
#.# #......# #.#
###♣♣♣♣♣ #......#
#.###.#..♣.♣♣♣ ###
###.####
#.##......♣..♣#...#
##.##
#........♣♣♣♣@g...#
#...# #.##..#.♣♣
♣♣#..)# ##...###
#.#####♣♣ ###
#......# ..#
#......# ####
#......# ##...###
#...# ###.##
#######...####.#


You could see Crazy Yiuf.

Vanquished Creatures
  2 adders (D:2)
  A worm (D:2)
  4 endoplasms (D:2)
  A giant cockroach (D:3)
  6 goblins
  6 hobgoblins
  2 quokkas
  A ball python (D:2)
  4 bats
  6 rats
33 creatures vanquished.

Vanquished Creatures (others)
  A plant (D:2)
1 creature vanquished.

Grand Total: 34 creatures vanquished

Notes
Turn   | Place    | Note
-------+----------+-------------------------------------------
     0 | D:1      | night the Hill Orc Hunter began the quest for the Orb.
     0 | D:1      | Reached XP level 1. HP: 18/18 MP: 1/1
   341 | D:1      | Reached skill level 1 in Axes
   341 | D:1      | Reached XP level 2. HP: 25/25 MP: 2/2
   749 | D:2      | Reached XP level 3. HP: 31/31 MP: 3/3
   856 | D:2      | Reached skill level 4 in Ranged Weapons
   891 | D:2      | Reached skill level 2 in Axes
   901 | D:2      | Found a faded altar of an unknown god.
   906 | D:2      | Prayed at the altar of an unknown god.
   906 | D:2      | Became a worshipper of Qazlal Stormbringer
   906 | D:2      | Reached * piety under Qazlal
  1364 | D:3      | Reached XP level 4. HP: 38/38 MP: 4/4
  1434 | D:3      | Found a runed translucent door.
  1435 | D:3      | Noticed Crazy Yiuf
  1439 | D:3      | Gained mutation: You are weak. (Str -2) [potion of
                  | mutation]
  1439 | D:3      | Gained mutation: You are agile. (Dex +4, Str/Int -1)
                  | [potion of mutation]
  1445 | D:3      | HP: 5/38 [poisoned by Crazy Yiuf]
  1447 | D:3      | HP: 2/38 [poisoned by Crazy Yiuf]
  1447 | D:3      | Slain by Crazy Yiuf

Illustrated notes

Levels and vault maps discovered:
D:1:      psy_arrival_whirlpool, layout_loops_ring
D:2:      layout_loops_cross, shapermc_ecumenical_altar_acropolis,
          nicolae_kite_square_tiling_tiny
D:3:      layout_loops_ring, cheibrodos_sewer_entry_bend,
          uniq_crazy_yiuf_cottage

Skill      XL: |  1  2  3 |
---------------+----------+-----
Axes           | 1 2 |  2.4
Fighting       | 3 |  3.4
Ranged Weapons | 4 |  4.1
Dodging        | |  1.5
Stealth        | |  0.7

Action                   |  1- 3 |  4- 6 || total
-------------------------+-------+-------++-------
Melee: Mace              |     3 |     2 ||     5
 Fire: Shortbow          |    85 |     3 ||    88
  Use: Potion            |       |     3 ||     3
Armor: Ring mail         |    25 |       ||    25
Dodge: Dodged            |    21 |     1 ||    22
Block: Other             |       |     2 ||     2

Table legend: (Time is in decaauts)
 A = Elapsed time spent in this place.
 B = Non-inter-level travel time spent in this place.
 C = Inter-level travel time spent in this place.
 D = Time resting spent in this place.
 E = Time spent auto-exploring this place.
 F = Levels seen in this place.
 G = Mean time per level.
                   A        B        C        D        E       F      G
               +--------+--------+--------+--------+--------+-----+--------+
         Total |   1486 |   1445 |     41 |      0 |   1190 |   3 |  495.3 |
       Dungeon |   1486 |   1445 |     41 |      0 |   1190 |   3 |  495.3 |
               +--------+--------+--------+--------+--------+-----+--------+

Top non-repeatable levels by time:
     D:1: 657 daAuts
     D:2: 590 daAuts
     D:3: 238 daAuts
